Map: Newkirk Precinct TE (Void)

Players

Elazer - Winner!

  • Race: Zerg Zerg
  • Spawn Location: 7:00

SortOf

  • Race: Zerg Zerg
  • Spawn Location: 5:00

Event: IEM XI Katowice - World Championship 2017

VOD

Have the link to the VOD?

Description

Time

  • Played on: Feb. 27, 2017, 12:46 p.m.
  • Length: 11:20

All games in this series

Show
View Real Time Build Order
Export as new Build Order

Elazer Zerg - Winner!

Build Orders: Hatch First 

Get SALT Encoding   

  12  0:00  Drone  
  13  0:13  Overlord  
  13  0:17  Drone  
  14  0:31  Drone x2  
  14  0:35  Drone  
  17  0:53  Hatchery  
  17  0:55  Drone  
  17  0:58  Drone  
  18  1:09  Extractor  
  17  1:13  Spawning Pool  
  17  1:16  Drone  
  17  1:20  Drone  
  18  1:28  Drone  
  19  1:39  Overlord  
  19  2:00  Zergling x2, Queen  
  19  2:01  Zergling x2  
  23  2:04  Queen  
  23  2:05  Zergling x2  
  26  2:08  Metabolic Boost  
  26  2:11  Drone  
  27  2:16  Drone  
  28  2:23  Drone  
  28  2:27  Drone  
  30  2:35  Queen  
  32  2:46  Hatchery  
  31  2:55  Overlord, Drone x2  
  32  3:00  Drone  
  32  3:02  Drone  
  33  3:09  Zergling x4  
  35  3:14  Zergling x6  
  35  3:16  Zergling x2  
  35  3:17  Zergling x2  
  40  3:20  Zergling x2  
  40  3:26  Overlord  
  41  3:31  Roach Warren  
  41  3:33  Drone  
  41  3:35  Drone  
  41  3:37  Drone  
  43  3:45  Drone x2  
  43  3:46  Drone  
  46  3:50  Drone x2  
  47  3:56  Drone x2  
  47  3:57  Drone  
  49  4:03  Overlord  
  49  4:13  Roach x4  
  57  4:20  Overlord  
  57  4:21  Overlord  
  57  4:24  Roach x2  
  57  4:25  Extractor  
  57  4:27  Roach  
  62  4:35  Overlord  
  62  4:39  Roach  
  62  4:48  Overlord  
  62  4:55  Roach x2  
  62  4:57  Roach  
  68  5:01  Zergling x20  
  78  5:11  Overlord  
  78  5:14  Overlord, Drone  
  76  5:15  Drone x2  
  76  5:16  Drone  
  79  5:22  Drone x2  
  79  5:25  Overlord  
  79  5:26  Drone  
  81  5:29  Drone  
  81  5:33  Overlord  
  78  5:36  Drone  
  78  5:40  Roach x3  
  78  5:42  Ravager  
  80  5:44  Ravager  
  80  5:45  Roach  
  80  5:48  Zergling x6  
  79  5:54  Roach x2  
  79  5:56  Overlord  
  77  5:57  Roach  
  77  6:01  Roach  
  77  6:02  Zergling x4  
  77  6:04  Zergling x4  
  80  6:08  Roach  
  80  6:11  Zergling x4, Roach  
  84  6:16  Roach  
  86  6:20  Roach  
  86  6:22  Overlord  
  88  6:26  Roach  
  88  6:28  Roach  
  88  6:30  Zergling x12  
  94  6:34  Zergling x2  
  94  6:35  Zergling x2  
  96  6:41  Overlord  
  96  6:44  Zergling x6  
  94  6:49  Overlord  
  94  6:53  Ravager  
  94  6:54  Zergling x4  
  96  6:58  Ravager  
  96  7:00  Zergling x12  
  103  7:07  Drone x4  
  106  7:15  Roach  
  100  7:18  Roach  
  100  7:19  Roach x2  
  100  7:21  Extractor  
  98  7:22  Evolution Chamber  
  98  7:25  Overlord  
  90  7:30  Roach x3  
  90  7:35  Overlord  
  90  7:38  Zergling x8  
  90  7:43  Overlord  
  89  7:44  Extractor  
  84  7:53  Roach x4  
  89  7:58  Overlord  
  89  8:03  Zerg Missile Weapons Level 1  
  89  8:06  Drone x3  
  89  8:08  Roach x3  
  98  8:13  Drone x3  
  98  8:14  Drone  
  98  8:18  Lair  
  102  8:22  Roach x2  
  106  8:28  Overlord  
  106  8:30  Roach x3  
  106  8:32  Roach  
  114  8:36  Roach x2  
  118  8:43  Drone x2  
  118  8:46  Extractor  
  118  8:48  Roach, Drone x2  
  121  8:49  Roach x3  
  121  8:54  Roach  
  121  8:55  Roach  
  133  9:01  Roach x3  
  139  9:06  Roach  
  139  9:07  Roach x2  
  139  9:09  Roach  
  146  9:11  Roach  
  146  9:13  Roach  
  146  9:16  Roach x2  
  154  9:22  Roach x3  
  159  9:25  Overlord  
  159  9:27  Glial Reconstitution  
  159  9:32  Roach x2  
  159  9:36  Roach x2  
  167  9:45  Roach x5  
  177  9:51  Roach x2  
  177  9:52  Roach  
  183  9:54  Roach  
  183  9:55  Roach  
  187  10:00  Overlord x2  
  187  10:02  Roach  
  189  10:09  Roach x2  
  189  10:13  Overlord  
  191  10:17  Ravager  
  192  10:21  Ravager  
  193  10:32  Ravager  
  193  10:33  Ravager  
  195  10:37  Hatchery  
  195  10:40  Ravager  
  195  10:49  Ravager x2  
Show
View Real Time Build Order
Export as new Build Order

SortOf Zerg 

Build Orders: Hatch First 

Get SALT Encoding   

  12  0:01  Drone  
  13  0:13  Overlord  
  13  0:18  Drone  
  14  0:32  Drone x2  
  16  0:38  Drone  
  17  0:54  Hatchery  
  17  0:56  Drone  
  17  1:00  Drone  
  18  1:11  Extractor  
  17  1:16  Spawning Pool  
  17  1:18  Drone  
  17  1:21  Drone  
  18  1:29  Drone  
  19  1:40  Overlord  
  19  1:50  Drone  
  20  2:02  Queen  
  20  2:03  Zergling x2  
  20  2:05  Queen  
  20  2:06  Drone  
  26  2:11  Drone  
  26  2:13  Metabolic Boost  
  27  2:16  Drone  
  28  2:23  Drone  
  28  2:29  Zergling x2  
  30  2:33  Zergling x2  
  31  2:40  Hatchery  
  31  2:44  Drone  
  31  2:47  Baneling Nest  
  30  2:55  Drone  
  30  3:00  Overlord  
  30  3:03  Overlord  
  29  3:12  Overlord  
  29  3:19  Drone  
  31  3:20  Drone x4  
  31  3:26  Zergling x6  
  37  3:31  Baneling x2  
  37  3:34  Drone  
  37  3:35  Drone  
  37  3:40  Queen  
  41  3:44  Zergling x2  
  41  3:45  Zergling x4  
  41  3:47  Baneling x2  
  44  3:57  Zergling x2  
  44  3:58  Zergling x6  
  44  4:00  Overlord  
  44  4:01  Drone  
  49  4:06  Roach Warren  
  48  4:13  Overlord, Drone x2  
  50  4:21  Drone x2  
  52  4:25  Drone x2  
  52  4:28  Extractor  
  52  4:30  Evolution Chamber  
  52  4:34  Drone x2  
  52  4:35  Drone  
  52  4:38  Drone x2  
  56  4:39  Drone x2  
  57  4:47  Zergling x2  
  57  4:51  Roach x2  
  57  4:52  Roach x2  
  66  4:53  Overlord  
  66  4:56  Overlord  
  66  5:00  Roach  
  66  5:03  Roach x2  
  72  5:12  Roach x3  
  77  5:14  Roach  
  77  5:18  Roach  
  80  5:22  Overlord  
  80  5:23  Roach  
  82  5:30  Zergling x2, Roach  
  82  5:31  Zergling x4  
  84  5:38  Roach  
  84  5:39  Zergling x8, Roach  
  85  5:49  Drone  
  85  5:50  Drone  
  85  5:56  Drone x2  
  85  5:57  Drone x4  
  86  5:58  Drone  
  86  6:00  Lair  
  86  6:01  Extractor, Drone x2  
  89  6:06  Drone x2  
  89  6:08  Overlord  
  91  6:13  Roach x2  
  94  6:20  Drone x2  
  96  6:27  Drone x3  
  95  6:32  Roach  
  95  6:33  Roach x2  
  95  6:37  Extractor  
  95  6:38  Roach x3  
  102  6:45  Roach x3  
  102  6:46  Zergling x2  
  105  6:50  Extractor  
  105  6:53  Roach  
  104  6:55  Zerg Missile Weapons Level 1  
  104  7:00  Zergling x4  
  104  7:01  Queen  
  104  7:04  Zergling x6  
  104  7:05  Overlord  
  104  7:07  Overlord  
  104  7:13  Zergling x2  
  96  7:16  Drone x5  
  96  7:17  Drone x2  
  96  7:19  Roach x2  
  87  7:24  Roach  
  87  7:26  Roach  
  87  7:29  Roach  
  84  7:34  Roach x2  
  87  7:37  Roach x2  
  87  7:38  Roach  
  87  7:41  Roach x2  
  87  7:42  Roach  
  88  7:49  Glial Reconstitution  
  85  7:54  Roach x2  
  85  7:59  Roach  
  85  8:03  Hatchery  
  86  8:07  Extractor, Roach  
  86  8:10  Roach x2  
  86  8:11  Roach  
  93  8:14  Roach  
  93  8:18  Roach x2  
  99  8:23  Roach x2  
  103  8:29  Roach x2  
  107  8:34  Overlord  
  107  8:38  Drone x3  
  110  8:43  Queen  
  110  8:47  Drone  
  113  8:50  Ravager x2  
  113  8:52  Overlord  
  115  9:02  Roach x2  
  119  9:04  Overlord  
  119  9:05  Drone  
  120  9:10  Overlord  
  120  9:11  Drone  
  121  9:17  Overlord  
  121  9:21  Drone  
  118  9:26  Roach  
  118  9:27  Roach  
  122  9:36  Drone x3  
  125  9:39  Roach  
  125  9:44  Ravager x4  
  131  9:47  Overlord  
  131  9:48  Roach  
  131  9:51  Roach  
  135  9:58  Roach  
  135  9:59  Roach x3  
  143  10:04  Roach  
  143  10:05  Roach  
  147  10:10  Drone x3  
  149  10:15  Roach x3  
  149  10:18  Overlord  
  149  10:20  Roach  
  157  10:24  Roach  
  157  10:26  Ravager  
  160  10:30  Roach x3  
  160  10:35  Roach x2  
  170  10:44  Roach  
  170  10:45  Roach x3  
  170  10:49  Overlord x2  

Tags
 
Add a new tag
Caveats
  • Supply blocks, unpowered buildings, or Contaminate may cause inaccurate times.
  • Supply counts are checked every 10 seconds.